 Dungeon Crawl Stone Soup version 0.26-a0-30-g56b8cd3df0 (webtiles) character file.

Game seed: 10434644867206536253, levelgen mode: deterministic

8709 vurker the Thaumaturge (level 11, 0/63 HPs)
             Began as a Deep Elf Wizard on May 29, 2020.
             Was a Priest of Vehumet.
             Slain by a yak (13 damage)
             ... on level 1 of the Lair of Beasts.
             The game lasted 00:29:56 (15729 turns).

vurker the Thaumaturge (Deep Elf Wizard)           Turns: 15729, Time: 00:29:56

Health: 0/63       AC:  5    Str: 10    XL:     11   Next: 13%
Magic:  20/30      EV: 14    Int: 27    God:    Vehumet [***...]
Gold:   310        SH:  5    Dex: 13    Spells: 19/36 levels left

rFire    . . .     SeeInvis .   B - +2 dagger (venom)
rCold    . . .     Gourm    .   p - +0 buckler
rNeg     . . .     Faith    .   m - +0 leather armour {rPois}
rPois    +         Spirit   .   A - +0 helmet
rElec    .         Reflect  .   k - +0 cloak
rCorr    .         Harm     .   (no gloves)
MR       +....                  (no boots)
Stlth    +++.......             (no amulet)
HPRegen  0.20/turn              f - ring of stealth
MPRegen  0.22/turn              q - +6 ring of strength

@: no status effects
A: no striking features
a: Renounce Religion


You were on level 1 of the Lair of Beasts.
You worshipped Vehumet.
Vehumet was most pleased with you.
You were not hungry.

You visited 2 branches of the dungeon, and saw 12 of its levels.

You collected 466 gold pieces.
You spent 156 gold pieces at shops.

Inventory:

Hand Weapons
 B - a +2 dagger of venom (weapon)
   (You took it off an orc wizard on level 7 of the Dungeon)
Missiles
 n - a throwing net (quivered)
Armour
 k - a +0 cloak (worn)
   (You found it on level 1 of the Dungeon)
 m - a +0 leather armour of poison resistance (worn)
   (You took it off an orc on level 4 of the Dungeon)
 p - a +0 buckler (worn)
   (You found it on level 1 of the Dungeon)
 w - a +2 robe of fire resistance
   (You took it off Erica on level 10 of the Dungeon)
 A - a +0 helmet (worn)
   (You found it on level 6 of the Dungeon)
 E - a +2 robe of magic resistance
   (You took it off Psyche on level 10 of the Dungeon)
 G - a +0 robe of the Archmagi
   (You took it off a wight on level 8 of the Dungeon)
Jewellery
 f - a ring of stealth (left hand)
   (You found it on level 1 of the Dungeon)
 q - a +6 ring of strength (right hand)
   (You found it on level 6 of the Dungeon)
Wands
 c - a wand of disintegration (16)
   (You found it on level 2 of the Dungeon)
 d - a wand of clouds (5)
   (You found it on level 9 of the Dungeon)
 t - a wand of flame (38)
   (You found it on level 5 of the Dungeon)
 v - a wand of digging (3)
   (You found it on level 7 of the Dungeon)
 x - a wand of acid (6)
   (You found it on level 8 of the Dungeon)
Scrolls
 a - 3 scrolls of fear
 g - 4 scrolls of remove curse
 i - 3 scrolls of blinking
 l - 2 scrolls of fog
 o - 7 scrolls of teleportation
 r - 2 scrolls of enchant armour
 z - 4 scrolls of amnesia
 D - a scroll of magic mapping {unknown}
 F - a scroll of immolation
 I - a scroll of silence {unknown}
Potions
 b - a potion of magic
 h - 4 potions of brilliance
 j - 4 potions of curing
 s - a potion of lignification
 u - a potion of haste
 y - a potion of resistance
 C - a potion of heal wounds
 H - a potion of degeneration {unknown}
Comestibles
 e - 28 rations
 J - 3 chunks of flesh


   Skills:
 - Level 5.0 Fighting
 + Level 5.1 Dodging
 - Level 2.4 Stealth
 - Level 4.0 Shields
 * Level 13.4 Spellcasting
 + Level 10.3 Conjurations
 - Level 1.1 Summonings
 - Level 1.1 Translocations
 * Level 6.1 Earth Magic


You had 19 spell levels left.
You knew the following spells:

 Your Spells              Type           Power        Failure   Level  Hunger
a - Magic Dart            Conj           ####         1%          1    None
b - Searing Ray           Conj           ######       1%          2    None
c - Call Imp              Summ           ###.....     4%          2    None
p - Apportation           Tloc           ###...       2%          1    None
q - Olgreb's Toxic Radia  Pois           ###.....     11%         4    None
w - Blink                 Tloc           N/A          4%          2    None
z - Lee's Rapid Deconstr  Erth           ######....   2%          5    ##.....

Your spell library contained the following spells:

 Spells                   Type           Power        Failure   Level  Hunger
 Sandblast                Erth           ######       1%          1    None
 Passwall                 Tmut/Erth      ####....     1%          2    None
 Conjure Flame            Conj/Fire      #####...     1%          3    None
 Dazzling Flash           Conj/Hex       #####.       1%          3    None
 Mephitic Cloud           Conj/Pois/Air  #####...     1%          3    None
 Stone Arrow              Conj/Erth      ######       1%          3    None
 Fulminant Prism          Conj/Hex       #####.....   1%          4    None
 Iskenderun's Mystic Bla  Conj/Tloc      #####...     1%          4    None
 Summon Small Mammal      Summ           ###.         2%          1    None
 Animate Skeleton         Necr           N/A          4%          1    None
 Corona                   Hex            ###....      4%          1    None
 Slow                     Hex            ###.....     6%          2    None
 Petrify                  Tmut/Erth      ####....     12%         4    None


Dungeon Overview and Level Annotations

Branches:
Dungeon (11/15)            Temple (0/1) D:6            Lair (1/6) D:8
    Orc: D:9-12

Altars:
Elyvilon
Hepliaklqana
Qazlal
Vehumet
Wu Jian
The Shining One

Shops:
D:10 *   D:11 ::

Annotations:
D:8 1 runed translucent door, Lanoc's ghost, novice MfFi


Message History

There is a stone staircase leading down here.
You see here 13 stones.
There is a stone staircase leading up here.
You climb upwards.
Level annotation: 1 runed translucent door, Lanoc's ghost, novice MfFi
There is a stone staircase leading down here.
There is an open door here.
There is a staircase to the Lair here.
You climb downwards.
Welcome to the Lair of Beasts! 3 yaks come into view.
The yak bellows!
Found a scroll of immolation.
Found an escape hatch in the floor.
There is a staircase back to the Dungeon here.
Aim: a yak (wandering, hasn't noticed you)
The magic dart hits the yak.
The yak bellows! x2
Aim: a yak (lightly wounded)
The searing ray hits the yak! (Press . to maintain the ray.)
The yak misses you.
The searing ray hits the yak!
You block the yak's attack.
The searing ray hits the yak!
You kill the yak!
Vehumet accepts your kill.
You feel your power returning.
Aim: a yak The magic dart hits the yak but does no damage.
Aim: a yak The searing ray hits the yak! (Press . to maintain the ray.)
The yak misses you.
Aim: a yak (moderately wounded)
The searing ray hits the yak! (Press . to maintain the ray.)
The yak gores you!
Aim: a yak (heavily wounded)
The magic dart hits the yak!
You block the yak's attack. The yak barely misses you.
Aim: a yak (severely wounded)
The searing ray hits the yak! (Press . to maintain the ray.)
The yak gores you! The yak closely misses you.
Aim: a yak (almost dead)
The magic dart hits the yak but does no damage.
The yak gores you.
* * * LOW HITPOINT WARNING * * *
The yak gores you!
* * * LOW HITPOINT WARNING * * *
The yak gores you!
You die...

......?........
...............
...............
...............
>..............
.............
#....Y.#.#
#..@Y..#
#.....##
#......#
#.....##
#.....P
#.....##
#.....# #.....#


You could see 2 yaks.

Vanquished Creatures
  Erica (D:10)
  Pikel (D:7)
  A manticore (D:11)
  An elephant (D:8)
  Psyche (D:10)
  Maggie (D:7)
  A troll (D:9)
  7 yaks
  2 basilisks (D:8)
  A hungry ghost (D:9)
  A water moccasin (D:5)
  A phantom (D:7)
  A black bear (D:9)
  2 orc warriors
  A slave (D:6)
  3 sky beasts
  An ice beast (D:8)
  3 centaurs
  2 ogres
  A crocodile (D:11)
  6 bullfrogs
  2 scorpions
  5 killer bees
  4 wights
  2 electric eels (D:5)
  7 crimson imps
  2 hounds
  2 jellies
  3 centaur skeletons
  12 orc priests
  13 orc wizards
  2 iguanas
  4 worker ants
  A hound zombie (D:9)
  A howler monkey zombie (D:11)
  4 adders
  A shadow imp (D:6)
  3 oozes
  A worm (D:2)
  3 dart slugs
  11 leopard geckos
  31 orcs
  3 ball pythons
  7 giant cockroaches
  6 goblins
  9 hobgoblins
  19 jackals
  4 quokkas
  7 bats
  5 frilled lizards
  7 kobolds
  2 leopard gecko skeletons
  2 quokka skeletons (D:5)
  7 rats
231 creatures vanquished.

Vanquished Creatures (collateral kills)
  A hippogriff (D:8)
  A spriggan (D:8)
  A hungry ghost (D:7)
  A phantom (D:5)
  2 slaves (D:7)
  An ogre (D:4)
  A bullfrog (D:7)
  A scorpion (D:4)
  A killer bee (D:7)
  A jelly (D:7)
  2 orc wizards
  Crazy Yiuf (D:2)
  An orc priest (D:7)
  An adder (D:4)
  A shadow imp (D:7)
  5 orcs
  3 goblins (D:3)
  4 kobolds (D:3)
29 creatures vanquished.

Vanquished Creatures (others)
  A giant cockroach (D:7)
  A plant (D:3)
2 creatures vanquished.

Grand Total: 262 creatures vanquished

Notes
Turn   | Place    | Note
-------+----------+-------------------------------------------
     0 | D:1      | vurker the Deep Elf Wizard began the quest for the Orb.
     0 | D:1      | Reached XP level 1. HP: 10/10 MP: 7/7
   423 | D:1      | Reached XP level 2. HP: 15/15 MP: 3/9
  1548 | D:2      | Reached XP level 3. HP: 20/20 MP: 7/11
  1657 | D:2      | Learned a level 2 spell: Call Imp
  1660 | D:2      | Learned a level 2 spell: Blink
  1747 | D:2      | Reached skill level 5 in Spellcasting
  1836 | D:2      | Reached skill level 1 in Shields
  2145 | D:2      | Reached skill level 1 in Fighting
  2169 | D:2      | Reached XP level 4. HP: 25/25 MP: 7/13
  2351 | D:2      | Found a runed translucent door.
  2352 | D:2      | Noticed Crazy Yiuf
  2831 | D:2      | Killed Crazy Yiuf
  4343 | D:4      | Reached XP level 5. HP: 29/29 MP: 8/15
  4397 | D:4      | Noticed an ogre
  4404 | D:4      | Killed an ogre
  4404 | D:4      | Reached skill level 6 in Spellcasting
  4731 | D:4      | Found a radiant altar of Vehumet.
  4734 | D:4      | Found an ornate altar of the Wu Jian Council.
  4735 | D:4      | Found a white marble altar of Elyvilon.
  4736 | D:4      | Found a stormy altar of Qazlal.
  4736 | D:4      | Found a glowing golden altar of the Shining One.
  4739 | D:4      | Became a worshipper of Vehumet
  4785 | D:4      | Reached XP level 6. HP: 29/34 MP: 10/17
  5239 | D:5      | Entered Level 5 of the Dungeon
  5394 | D:5      | Found a transporter.
  5396 | D:5      | Found a transporter.
  5761 | D:5      | Noticed a water moccasin
  5776 | D:5      | Killed a water moccasin
  5776 | D:5      | Reached skill level 7 in Spellcasting
  5776 | D:5      | Reached XP level 7. HP: 26/40 MP: 10/19
  6285 | D:5      | Found a hazy altar of Hepliaklqana.
  6447 | D:5      | Reached skill level 5 in Conjurations
  6731 | D:6      | Learned a level 1 spell: Apportation
  6829 | D:6      | Found a staircase to the Ecumenical Temple.
  7025 | D:6      | Reached skill level 8 in Spellcasting
  7025 | D:6      | Reached XP level 8. HP: 12/45 MP: 11/22
  7786 | D:6      | Reached * piety under Vehumet
  7786 | D:6      | Offered knowledge of Freeze by Vehumet.
  8837 | D:7      | Noticed Pikel
  8870 | D:7      | Killed Pikel
  8870 | D:7      | Reached skill level 9 in Spellcasting
  9056 | D:7      | Reached XP level 9. HP: 51/52 MP: 7/24
  9209 | D:7      | Noticed Maggie
  9235 | D:7      | Killed Maggie
  9235 | D:7      | Reached skill level 10 in Spellcasting
 10424 | D:8      | Found a staircase to the Lair.
 10424 | D:8      | Noticed an elephant
 10507 | D:8      | HP: 2/52 [hippogriff (1)]
 10813 | D:8      | Reached skill level 11 in Spellcasting
 10913 | D:7      | Learned a level 2 spell: Searing Ray
 10996 | D:8      | Reached ** piety under Vehumet
 11052 | D:8      | Offered knowledge of Sandblast by Vehumet.
 11195 | D:8      | Killed an elephant
 11429 | D:8      | Learned a level 5 spell: Lee's Rapid Deconstruction
 11434 | D:8      | Found a runed translucent door.
 11437 | D:8      | Noticed Lanoc's ghost (novice MfFi)
 11497 | D:8      | Reached XP level 10. HP: 14/58 MP: 22/27
 11729 | D:8      | Reached skill level 1 in Earth Magic
 12190 | D:9      | Reached skill level 5 in Fighting
 12283 | D:9      | Reached skill level 12 in Spellcasting
 13470 | D:10     | Entered Level 10 of the Dungeon
 13560 | D:10     | Offered knowledge of Inner Flame by Vehumet.
 13668 | D:10     | Found Duararonedd's General Store.
 13671 | D:10     | Bought a scroll of teleportation for 36 gold pieces
 13671 | D:10     | Bought 2 potions of heal wounds for 120 gold pieces
 13736 | D:10     | Noticed Psyche
 13744 | D:10     | Killed Psyche
 14195 | D:10     | Noticed Erica
 14213 | D:10     | Killed Erica
 14213 | D:10     | Reached skill level 10 in Conjurations
 14400 | D:10     | Reached skill level 5 in Earth Magic
 14402 | D:10     | Reached skill level 13 in Spellcasting
 14880 | D:11     | Reached *** piety under Vehumet
 14935 | D:11     | Found Petoasuq's Book Shop.
 14941 | D:11     | Noticed a manticore
 14958 | D:11     | Reached XP level 11. HP: 58/63 MP: 22/30
 14997 | D:11     | Found Coitheg's Book Emporium.
 15239 | D:11     | Noticed a cyan ugly thing
 15259 | D:11     | Offered knowledge of Olgreb's Toxic Radiance by Vehumet.
 15529 | D:10     | Learned a level 4 spell: Olgreb's Toxic Radiance
 15617 | D:11     | Reached skill level 5 in Dodging
 15639 | D:11     | Noticed a skeletal warrior
 15648 | D:11     | Noticed a skeletal warrior
 15658 | D:11     | Noticed a skeletal warrior
 15718 | Lair:1   | Entered Level 1 of the Lair of Beasts
 15729 | Lair:1   | Slain by a yak

Illustrated notes

Levels and vault maps discovered:
D:1:      heliophobic_arrival_henge, layout_basic, minivault_14
D:2:      layout_basic, kennysheep_generic_room_5, uniq_crazy_yiuf_cottage
D:3:      kennysheep_the_goblin_king, layout_loops_ring, first_ration,
          lexackson_kobold_supper
D:4:      layout_basic, grunt_temple_overflow_open
D:5:      gammafunk_steamed_eel, layout_loops_cross, kennysheep_mini
D:6:      layout_basic, minmay_temple_entry_nine_rooms
D:7:      layout_basic, uniq_maggie, uniq_pikel
D:8:      layout_gridville, david_lair_generic, ebering_ghost_reflecting_pool,
          the_bakery
D:9:      layout_layer_cave
D:10:     layout_basic, serial_shops, shop, uniq_erica, uniq_psyche
D:11:     layout_rooms, serial_shops, kennysheep_mini_moat, shop, shop_statue,
          nicolae_shop_crystal
Lair:1:   layout_hall_layers, chequers_serial_rivers_micro_e

Skill      XL: |  1  2  3  4  5  6  7  8  9 10 11 |
---------------+----------------------------------+-----
Conjurations   | 2 3 4 5 7 9 10 | 10.3
Spellcasting   | 5 6 7 8 9 11 13 | 13.4
Shields        | 1 2 3 4 |  4.0
Fighting       | 1 2 3 4 5 |  5.0
Earth Magic    | 5 6 |  6.1
Dodging        | 4 5 |  5.1
Stealth        | |  2.4
Summonings     | |  1.1
Translocations | |  1.1

Action                   |  1- 3 |  4- 6 |  7- 9 | 10-12 || total
-------------------------+-------+-------+-------+-------++-------
Melee: Unarmed           |    15 |       |       |       ||    15
       Dagger            |       |     5 |    27 |     1 ||    33
 Cast: Magic Dart        |   106 |   136 |   276 |   115 ||   633
       Call Imp          |       |    31 |    58 |       ||    89
       Blink             |       |       |     2 |     1 ||     3
       Searing Ray       |       |       |    12 |    56 ||    68
Evoke: Wand              |       |     2 |    17 |       ||    19
  Use: Scroll            |       |     9 |     6 |     6 ||    21
       Potion            |       |       |       |     1 ||     1
  Eat: Chunk             |     4 |    10 |    10 |    11 ||    35
       Ration            |       |       |     2 |     1 ||     3
Armor: Robe              |    12 |     8 |       |       ||    20
       Leather armour    |       |     5 |    41 |    10 ||    56
Dodge: Dodged            |    23 |    15 |   100 |    35 ||   173
Block: Buckler           |     3 |     5 |    43 |    21 ||    72

Table legend:
 A = Non-vault XP
 B = Vault XP
 C = Vault XP percentage of total XP
 D = Non-vault monster count
 E = Vault monster count
 F = Vault count percentage of total count
                 A         B        C        D         E       F
            +---------+---------+-------+---------+---------+-------
      Total |    8566 |    3876 |  31.2 |     229 |      28 |  10.9
            +---------+---------+-------+---------+---------+-------
        D:1 |      38 |       0 |   0.0 |      23 |       0 |   0.0
        D:2 |      68 |      24 |  26.1 |      20 |       3 |  13.0
        D:3 |      36 |      20 |  35.7 |      18 |      14 |  43.8
        D:4 |     291 |       0 |   0.0 |      13 |       0 |   0.0
        D:5 |     541 |     108 |  16.6 |      17 |       2 |  10.5
        D:6 |     426 |       0 |   0.0 |      17 |       0 |   0.0
        D:7 |    1001 |    1081 |  51.9 |      28 |       2 |   6.7
        D:8 |     938 |    1250 |  57.1 |      32 |       5 |  13.5
        D:9 |    1656 |       0 |   0.0 |      14 |       0 |   0.0
       D:10 |    2075 |    1393 |  40.2 |      26 |       2 |   7.1
       D:11 |    1297 |       0 |   0.0 |      20 |       0 |   0.0
     Lair:1 |     199 |       0 |   0.0 |       1 |       0 |   0.0
            +---------+---------+-------+---------+---------+-------
